 Dungeon Crawl Stone Soup version 0.27-a0-1359-ga2a4dfd6fd (webtiles) character file.

Game seed: 10808420749022010152

44 HoaS the Twirler (level 3, -1/21 HPs)
             Began as a Gargoyle Gladiator on June 28, 2021.
             Frozen to death by an endoplasm (4 damage)
             ... on level 2 of the Dungeon.
             The game lasted 00:02:01 (994 turns).

HoaS the Twirler (Gargoyle Gladiator)                Turns: 994, Time: 00:02:02

Health: -1/21      AC:  7    Str: 18    XL:     3   Next: 60%
Magic:  3/3        EV: 12    Int:  8    God:
Gold:   43         SH:  0    Dex: 11    Spells: 2/2 levels left

rFire    . . .     SeeInvis +   a - +1 quarterstaff
rCold    . . .     Faith    .   (shield currently unavailable)
rNeg     + . .     Spirit   .   b - +0 leather armour
rPois    ∞         Reflect  .   c - +0 helmet
rElec    +         Harm     .   (no cloak)
rCorr    +         Rampage  .   (no gloves)
Will     .....                  (no boots)
Stlth    +.........             (no amulet)
HPRegen  0.07/turn              e - ring of see invisible
MPRegen  0.08/turn              k - ring of resist corrosion

@: no status effects
A: sickness immunity, AC +3, negative energy resistance 1, electricity
resistance, torment resistance 1, petrification resistance
a: no special abilities


You were on level 2 of the Dungeon.
You visited 1 branch of the dungeon, and saw 2 of its levels.

You collected 43 gold pieces.

Inventory:

Hand Weapons
 a - a +1 quarterstaff (weapon)
Missiles
 d - 3 throwing nets (quivered)
Armour
 b - a +0 leather armour (worn)
 c - a +0 helmet (worn)
Jewellery
 e - a ring of see invisible (left hand)
 k - a ring of resist corrosion (right hand)
Potions
 f - a potion of attraction
 i - 2 potions of flight {unknown}


   Skills:
 - Level 2.1 Fighting
 + Level 4.5 Staves
 - Level 1.7 Throwing
 - Level 2.4 Dodging


You had 2 spell levels left.
You didn't know any spells.
Your spell library was empty.

Dungeon Overview and Level Annotations

Branches:
Dungeon (2/15)

Altars:


Innate Abilities, Weirdness & Mutations

You are immune to sickness and miasma.
Your stone body is resilient. (AC +3)
You are immune to poison.
You resist negative energy. (rN+)
You are resistant to electric shocks. (rElec)
You are resistant to unholy torment.
You are immune to petrification.


Message History

The orc hits you with a +0 whip.
You hit the orc.
The orc is moderately wounded.
The orc hits you with a +0 whip.
You sock the orc!
You kill the orc!
You thump the orc!
You kill the orc!
An endoplasm comes into view.
The orc barely misses you.
A worm comes into view.
Items here: ( ))) ††.
The endoplasm quivers.
You sock the orc!
You kill the orc!
You thump the orc!
You kill the orc!
Items here: ( )) [ †.
You hit the worm.
The worm is lightly wounded.
You hit the worm but do no damage.
The worm is lightly wounded.
The worm bites you! The endoplasm hits you.
You hit the worm.
The worm is heavily wounded.
The endoplasm freezes you.
You are frozen.
The worm bites you.
You hit the worm.
The worm is heavily wounded.
The endoplasm freezes you.
You are frozen.
You completely miss the worm.
The worm is heavily wounded.
The endoplasm closely misses you. The worm bites you.
* * * LOW HITPOINT WARNING * * *
You sock the worm!
The worm is almost dead.
The endoplasm freezes you.
You are frozen.
You die...

##########
.......<.##
#######...##
#.###.## #.#
##.############
#.
#..))J@w......
#
#.############
#.## ... ####


You could see a worm and an endoplasm.

Vanquished Creatures
  5 orcs (D:2)
  2 ball pythons (D:1)
  3 endoplasms (D:1)
  A giant cockroach (D:1)
  5 goblins (D:1)
  A hobgoblin (D:1)
  8 jackals (D:1)
  3 quokkas (D:1)
  3 frilled lizards (D:1)
31 creatures vanquished.

Notes
Turn   | Place    | Note
-------+----------+-------------------------------------------
     0 | D:1      | HoaS the Gargoyle Gladiator began the quest for the Orb.
     0 | D:1      | Reached XP level 1. HP: 12/12 MP: 1/1
    86 | D:1      | Reached XP level 2. HP: 9/17 MP: 2/2
   476 | D:1      | Reached skill level 4 in Staves
   542 | D:1      | Reached XP level 3. HP: 21/21 MP: 3/3
   994 | D:2      | Frozen to death by an endoplasm

Illustrated notes

Levels and vault maps discovered:
D:1:      dpeg_arrival_pits, layout_basic, wander_ebering_terrifying_dragon_lair
D:2:      minmay_razor_zed, layout_loops_ring, basic_altar,
          minmay_split_cup_small

Skill      XL: |  1  2 |
---------------+-------+-----
Staves         | 4 |  4.5
Fighting       | |  2.1
Throwing       | |  1.7
Dodging        | |  2.4

Action                   || total
-------------------------++-------
Melee: Quarterstaff      ||    90
  Use: Scroll            ||     4
 Stab: Sleeping          ||     1
Armor: Leather armour    ||    37
Dodge: Dodged            ||    55

Table legend: (Time is in decaauts)
 A = Elapsed time spent in this place.
 B = Non-inter-level travel time spent in this place.
 C = Inter-level travel time spent in this place.
 D = Time resting spent in this place.
 E = Time spent auto-exploring this place.
 F = Levels seen in this place.
 G = Mean time per level.
                   A        B        C        D        E       F      G
               +--------+--------+--------+--------+--------+-----+--------+
         Total |   1002 |    978 |     24 |    250 |    536 |   2 |  501.0 |
       Dungeon |   1002 |    978 |     24 |    250 |    536 |   2 |  501.0 |
               +--------+--------+--------+--------+--------+-----+--------+

Top non-repeatable levels by time:
     D:1: 971 daAuts
     D:2: 31 daAuts
